 Dungeon Crawl Stone Soup version 0.18-a0-316-gf882de5 (webtiles) character file.

16896752 Fishman the Grand Master (level 27, 249/249 HPs)
             Began as a Merfolk Transmuter on Nov 26, 2015.
             Was the Champion of Cheibriados.
             Escaped with the Orb
             ... and 15 runes on Nov 27, 2015!
             The game lasted 07:04:14 (92520 turns).

Fishman the Grand Master (Merfolk Transmuter)      Turns: 92520, Time: 07:04:14

Health: 249/249    AC: 29    Str: 37    XL:     27
Magic:  42/52      EV: 54    Int: 35    God:    Cheibriados [******]
Gold:   12948      SH:  0    Dex: 40    Spells: 9 memorised, 32 levels left

rFire  + + .     SeeInvis .       - Unarmed
rCold  + + .     Clarity  +     W - +2 pearl dragon armour
rNeg   + . .     SustAt   .     (no shield)
rPois  +         Gourm    .     E - +2 hat {MR+}
rElec  +         Spirit   .     Z - +2 cloak
rCorr  +         Warding  .     X - +2 pair of gloves {archery}
rMut   .         Stasis   .     e - +2 pair of boots
MR     +++..                    I - amulet of clarity
Stlth  ++++......               n - ring "Gamipu" {rF+ Str+4}
                                y - ring of Urhuuv {Wiz rC+ Int+3 Stlth+}

@: mighty, agile, phasing, resistant, very slow, extremely resistant to hostile
enchantments, stealthy
A: change form in water, swift swim, berserk 1
a: Bend Time, Temporal Distortion, Slouch, Step From Time, Renounce Religion
0: Orb of Zot
}: 15/15 runes: decaying, slimy, silver, golden, iron, obsidian, icy, bone,
abyssal, demonic, glowing, magical, fiery, dark, gossamer


You escaped.
You worshipped Cheibriados.
Cheibriados was exalted by your worship.
You were full.

You visited 18 branches of the dungeon, and saw 95 of its levels.
You visited Pandemonium 1 time, and saw 34 of its levels.
You visited the Abyss 2 times.
You also visited: Ice Cave and Volcano.

You collected 15572 gold pieces.
You spent 2624 gold pieces at shops.

Inventory:

Hand Weapons
 j - the +4 Staff of Dispater
   (You took it off Dispater on level 7 of the Iron City of Dis)
 A - the +7 Sceptre of Asmodeus
   (You took it off Asmodeus on level 7 of Gehenna)
Missiles
 k - 21 silver javelins (quivered)
Armour
 e - a +2 pair of boots (worn)
 E - a +2 hat of magic resistance (worn)
 W - a +2 pearl dragon armour (worn)
 X - a +2 pair of gloves of archery (worn)
 Z - a +2 cloak (worn)
Rods
 b - a +9 rod of clouds (10/10)
   (You found it on level 3 of the Abyss)
Jewellery
 c - an uncursed ring of see invisible
 h - the amulet of the Air {Inacc +Fly rElec EV+5 RMsl}
   (You found it on level 5 of the Vaults)

   [amulet of inaccuracy]

   It reduces the accuracy of all your attacks.
   It affects your evasion (+5).
   It insulates you from electricity.
   It lets you fly.
   It protects you from missiles.
 l - an uncursed ring of positive energy
 n - the ring "Gamipu" (right hand) {rF+ Str+4}
   (You found it on level 1 of the Abyss)

   [ring of protection from fire]

   It affects your strength (+4).
   It protects you from fire.
 r - an uncursed amulet of resist mutation
 s - the amulet of Gaugum {Ward rPois rN+}
   (You found it on level 3 of the Elven Halls)

   [amulet of warding]

   It may prevent the melee attacks of summoned creatures.
   It protects you from poison.
   It protects you from negative energy.
 y - the ring of Urhuuv (left hand) {Wiz rC+ Int+3 Stlth+}
   (You found it on level 3 of the Tomb of the Ancients)

   [ring of wizardry]

   It improves your spell success rate.
   It affects your intelligence (+3).
   It protects you from cold.
   It makes you more stealthy.
 D - an uncursed amulet of warding
 F - the ring "Rishuo" {Ice Dex+5}
   (You found it on level 3 of the Tomb of the Ancients)

   [ring of ice]

   It enhances your ice magic, and weakens your fire magic.
   It affects your dexterity (+5).
   It makes you vulnerable to fire.
   It protects you from cold.
 I - an amulet of clarity (around neck)
 J - an uncursed ring of protection from cold
 R - an uncursed ring of protection from magic
 S - an uncursed amulet of stasis
 T - the amulet "Veschol" {Spirit rF+ rC+}
   (You took it off a deep elf priest on level 5 of the Vaults)

   [amulet of guardian spirit]

   It causes incoming damage to be split between your health and magic.
   It protects you from fire.
   It protects you from cold.
 V - an uncursed ring of protection from fire
Wands
 a - a wand of heal wounds (3)
 t - a wand of cold (5)
 M - a wand of digging (24)
 Y - a wand of teleportation (4)
Scrolls
 f - 5 scrolls of teleportation
 g - 19 scrolls of remove curse
 q - 13 scrolls of fog
 u - 3 scrolls of blinking
 w - a scroll of magic mapping
 z - a scroll of immolation
 C - 12 scrolls of recharging
 L - 4 scrolls of holy word
 N - 4 scrolls of identify
 O - 3 scrolls of summoning
 Q - 7 scrolls of silence
Potions
 i - a potion of resistance
 m - 2 potions of invisibility
 o - 5 potions of magic
 p - 30 potions of curing
 v - 10 potions of brilliance
 x - 7 potions of agility
 B - 3 potions of cancellation
 G - 11 potions of heal wounds
Miscellaneous
 H - a figurine of a ziggurat
 K - 8 phantom mirrors
Comestibles
 d - 20 bread rations
 U - 11 meat rations


   Skills:
 O Level 27 Fighting
 - Level 10.0 Throwing
 - Level 11.3 Armour
 O Level 27 Dodging
 + Level 23.2 Stealth
 O Level 27 Unarmed Combat
 + Level 25.1 Spellcasting
 - Level 7.5 Charms
 - Level 6.1 Translocations
 - Level 15.0 Transmutations
 O Level 27 Air Magic
 - Level 7.5 Earth Magic
 - Level 13.4 Invocations
 + Level 19.5 Evocations


You had 32 spell levels left.
You knew the following spells:

 Your Spells              Type           Power        Failure   Level  Hunger
a - Statue Form           Trmt/Erth      #######..    1%          6    None
b - Stoneskin             Trmt/Erth      #######.     0%          2    None
c - Phase Shift           Tloc           ######....   1%          5    None
d - Blade Hands           Trmt           #######...   1%          5    None
e - Irradiate             Conj/Trmt      #######...   1%          5    None
f - Dragon Form           Trmt           #######...   1%          7    None
g - Regeneration          Chrm/Necr      ######....   1%          3    None
h - Blink                 Tloc           N/A          1%          2    None
i - Tornado               Air            ########..   1%          9    ####...


Dungeon Overview and Level Annotations

Branches:
Dungeon (15/15)            Temple (1/1) D:7            Lair (8/8) D:10
  Swamp (4/4) Lair:3       Spider (4/4) Lair:6        Slime (6/6) Lair:6
    Orc (4/4) D:9             Elf (3/3) Orc:4        Vaults (5/5) D:13
  Crypt (3/3) Vaults:2       Tomb (3/3) Crypt:3      Depths (5/5) D:15
   Hell (1/1)                 Dis (7/7) Hell            Geh (7/7) Hell
    Coc (7/7) Hell            Tar (7/7) Hell            Zot (5/5) Depths:5

Altars:
Ashenzari
Cheibriados
Dithmenos
Elyvilon
Fedhas
Gozag
Kikubaaqudgha
Makhleb
Nemelex Xobeh
Okawaru
Qazlal
Ru
Sif Muna
Trog
Vehumet
Xom
Yredelemnul
Zin
The Shining One
Jiyva

Shops:
D:8 *   Orc:2 ?:*   Orc:3 [(*   Orc:4 :%[%   Elf:2 [   Vaults:1 :[?:
Depths:2 [

Portals:
Hell: Depths:1 Depths:2 Depths:3 Depths:4 Depths:5
Abyss: Depths:3 Depths:4 Depths:5
Pandemonium: Orc:4 Depths:3
Ziggurat: Depths:1
Trove: D:15 (give +2 storm dragon armour)

Annotations:
Lair:7 exclusion: oklob plant


Innate Abilities, Weirdness & Mutations

You revert to your normal form in water.
You are very nimble and swift while swimming.
You tend to lose your temper in combat.


Message History

The lich is moderately damaged.
You maul the lich!!!
Your tail-slap misses the lich.
You bite the lich.
You destroy the lich!
Cheibriados appreciates the change of pace.
You claw the hellwing!
The hellwing's corpse armour sloughs away.
You tail-slap the hellwing. You claw the hellwing!!
You kill the hellwing!
Cheibriados thoroughly appreciates the change of pace.
You hear a grinding noise. x2
There is a staircase leading out of the dungeon here.
Your transformation has ended.
Your +2 cloak unmelds from your body.
Your +2 hat of magic resistance unmelds from your body.
Your +2 pair of gloves of archery unmelds from your body.
Your +2 pair of boots unmelds from your body.
Your +2 pearl dragon armour unmelds from your body.
You feel resistant to hostile enchantments.
You feel that your aim is more steady.
You have escaped!

#### ######## #..##
#######......# ....##
#............# .....#
...#.....#...# ####
.....######.##8###8##..# #..#
.>...........#.........#####..##
.....#####...#.....#...........#
.....#
#.#...#..@..#..#####.)..##
....## #....#.....#..#####......
#..## #.........#...........##
##..## ##.##8###8##.#####.##.##
##..# #.##.....#..# #......
##.## #...........#####......
#..# ####...##......##.......
##.####.....#####.......####.#
####.......##### ####.##..###.#


There were no monsters in sight!

Vanquished Creatures
  Cerebov (Pan)
  Antaeus (Coc:7)
  Asmodeus (Geh:7)
  the royal jelly (Slime:6)
  Ereshkigal (Tar:7)
  Ignacio (Pan)
  Gloorx Vloq (Pan)
  Mnoleg (Pan)
  9 ancient liches
  Lom Lobon (Pan)
  Dispater (Dis:7)
  6 orbs of fire (Zot:5)
  Mara (Depths:3)
  Mennas (Pan)
  2 juggernauts
  The ghost of nago the Hawkeye, a master CeAs of Trog (Zot:1)
  33 greater mummies
  Sojobo (Vaults:3)
  Boris (Vaults:2)
  10 pandemonium lords
  8 shard shrikes
  9 iron giants
  Frederick (Vaults:2)
  2 Killer Klowns (Zot:5)
  7 curse toes
  4 caustic shrikes
  Geryon (Hell)
  8 golden dragons
  A profane servitor (Abyss:3)
  Xtahua (Vaults:2)
  14 bone dragons
  The ghost of endege the Executioner, a veteran GrBe of Trog (Depths:4)
  3 electric golems (Zot:5)
  20 liches
  2 hellephants
  28 Brimstone Fiends
  18 tentacled monstrosities
  28 Orb Guardians
  13 Hell Sentinels
  21 Ice Fiends
  2 deep elf blademasters (Elf:3)
  Asterion (Vaults:2)
  10 Shadow Fiends
  9 titans
  2 deep elf master archers (Elf:3)
  4 ancient champions
  Murray (Hell)
  12 death cobs
  3 quicksilver dragons
  20 tentacled starspawn
  19 acid blobs
  A quicksilver dragon (shapeshifter) (Depths:4)
  11 sphinxes
  27 Executioners
  Gastronok (Lair:3)
  2 eldritch tentacles
  7 thorn hunters
  Kirke (D:13)
  2 revenants (Tomb:2)
  10 tengu reavers
  12 storm dragons
  5 daevas
  26 shadow dragons
  Roxanne (D:15)
  8 draconian monks
  Donald (Swamp:4)
  12 black suns (Pan)
  20 fire giants
  8 azure jellies
  23 cacodemons
  5 draconian scorchers
  7 draconian knights
  16 iron dragons
  33 balrugs
  11 frost giants
  11 deep elf sorcerers
  3 curse skulls
  4 draconian shifters
  15 vault wardens
  8 ghost moths
  2 caustic shrike zombies (Depths:1)
  A juggernaut zombie (Depths:1)
  7 draconian zealots
  An orc warlord (Orc:3)
  2 ghouls
  9 warmongers (Pan)
  3 spriggan defenders
  8 emperor scorpions
  A caustic shrike skeleton (Depths:1)
  14 draconian annihilators
  8 angels
  7 ophanim
  13 ironheart preservers
  27 very ugly things
  26 war gargoyles
  A juggernaut skeleton (Depths:1)
  49 reapers
  37 stone giants
  11 blood saints (Pan)
  6 vampire knights
  4 elemental wellsprings
  14 salamander stormcallers
  6 corrupters (Pan)
  2 draconian callers (Zot:2)
  8 green draconians
  15 purple draconians
  2 apis (Pan)
  35 spark wasps
  13 white draconians
  Azrael (D:14)
  11 black draconians
  8 chaos champions (Pan)
  9 deep elf demonologists
  7 mottled draconians
  8 lorocyprocas
  2 dire elephants
  7 yellow draconians
  5 red draconians
  20 ettins
  2 bennus (Tomb:2)
  15 deep elf annihilators
  2 eidola
  39 blizzard demons
  16 green deaths (Pan)
  9 deep elf death magi
  Snorg (D:10)
  2 merfolk javelineers (Depths:1)
  12 fire dragons
  22 mummy priests
  5 jiangshi
  5 quicksilver dragon zombies
  5 deep elf high priests
  6 death oozes
  2 crystal guardians (Crypt:3)
  25 yaktaur captains
  A great orb of eyes (shapeshifter) (Vaults:3)
  16 great orbs of eyes
  32 vault guards
  9 quicksilver dragon skeletons
  4 kraken zombies
  37 ice dragons
  Harold (Orc:3)
  14 entropy weavers
  3 death knights
  25 hydras
  15 rakshasas
  16 monstrous demonspawn (Pan)
  Erolcha (Orc:1)
  8 hell beasts
  8 ogre magi
  8 spriggan air magi
  17 deep troll shamans
  4 ghost crabs
  20 dancing weapons
  11 tengu warriors
  An anaconda (shapeshifter) (Elf:3)
  11 centaur warriors
  10 deep troll earth magi
  3 spriggan berserkers
  An iron giant skeleton (Depths:1)
  5 vampire magi
  21 hell hogs
  12 death yaks
  12 titan zombies
  7 orc high priests (Orc:4)
  Urug (Orc:3)
  51 sun demons
  4 storm dragon zombies
  43 small abominations
  9 alligators
  48 hell knights
  19 deep elf knights
  62 soul eaters
  Sonja (D:12)
  5 iron golems
  27 thrashing horrors
  3 shock serpents (Pan)
  11 iron trolls
  17 wretched stars
  A fire crab (shapeshifter) (Vaults:4)
  30 death scarabs
  An unseen horror (D:15)
  3 salamander mystics (Geh:6)
  16 shadow wraiths
  8 titan skeletons
  35 deep trolls
  4 cherubim (Pan)
  A death drake (Abyss:3)
  2 fire crabs
  3 spatial maelstroms
  6 giant orange brains
  2 golden dragon zombies
  25 shadow demons
  82 skeletal warriors
  10 anaconda zombies
  An unseen horror (shapeshifter) (Vaults:5)
  4 ball lightnings (Pan)
  8 storm dragon skeletons
  2 shambling mangroves
  2 ghost moth zombies
  13 putrid demonspawn (Pan)
  A death drake (shapeshifter) (Vaults:4)
  13 flayed ghosts
  A swamp dragon (shapeshifter) (Vaults:5)
  16 gelid demonspawn (Pan)
  14 torturous demonspawn (Pan)
  7 shadow dragon zombies
  9 infernal demonspawn (Pan)
  6 wolf spider zombies
  15 swamp dragons
  7 deep elf summoners
  37 anubis guards
  7 golden dragon skeletons
  Pikel (D:9)
  103 large abominations
  4 anaconda skeletons
  8 hill giants
  A giant orange brain (shapeshifter) (Elf:3)
  A harpy (shapeshifter) (Vaults:1)
  8 phantasmal warriors
  A mana viper (Abyss:3)
  5 manticores
  17 ironbrand convokers
  7 wizards
  32 wolf spiders
  An iron dragon zombie (Depths:1)
  3 stone giant zombies
  A cyclops (shapeshifter) (Elf:1)
  25 necromancers
  5 shining eyes
  2 tengu skeletons (Depths:1)
  6 statues (Volcano)
  6 orc sorcerers (Orc:4)
  10 hornets
  17 orb spiders
  8 fire giant zombies
  A sphinx skeleton (Depths:3)
  6 frost giant zombies
  11 orc knights
  55 ugly things
  21 moths of wrath
  42 sixfirhies
  6 shadow dragon skeletons
  5 worldbinders
  8 griffons
  A hornet (shapeshifter) (Abyss:3)
  A water nymph (shapeshifter) (Vaults:1)
  23 deep elf conjurers
  2 octopodes (shapeshifter)
  2 water nymphs (Abyss:3)
  5 iron dragon skeletons
  21 salamanders
  6 cyclopes
  3 centaur zombies
  7 stone giant skeletons
  An elephant (shapeshifter) (Vaults:4)
  46 rust devils
  98 smoke demons
  30 orange demons
  A shining eye (shapeshifter) (Depths:4)
  4 fire giant skeletons
  A guardian serpent (shapeshifter) (Depths:2)
  3 dire elephant zombies
  An eye of devastation (Depths:1)
  2 ice statues
  4 molten gargoyles (Geh:7)
  10 vault sentinels
  A torpor snail (Spider:3)
  A torpor snail (shapeshifter) (Depths:4)
  8 frost giant skeletons
  43 spiny frogs
  2 elf skeletons
  The ghost of Fishman the Insei, a novice MfTm (D:5)
  4 dire elephant skeletons
  4 gargoyles
  A spiny frog (shapeshifter) (Depths:1)
  8 black mambas
  37 hellions
  5 apocalypse crabs (Abyss:3)
  40 hellwings
  4 emperor scorpion zombies
  10 kobold demonologists
  2 yaktaurs (shapeshifter)
  14 komodo dragons
  10 trolls
  18 ancient zymes
  3 catoblepas zombies
  36 tormentors
  38 demonic crawlers
  19 deep elf priests
  5 tengu conjurers
  A golden dragon simulacrum (Coc:7)
  3 fire drakes
  75 yaktaurs
  42 ice devils
  41 guardian mummies
  51 red devils
  4 harpy zombies
  8 efreet
  23 jumping spiders
  2 silent spectres
  24 hydra zombies
  7 giant leeches
  42 freezing wraiths
  16 polar bears
  8 boulder beetles
  92 slime creatures
  A hornet zombie (D:15)
  6 hydra skeletons
  55 blink frogs
  2 anaconda simulacra
  A queen bee (Lair:6)
  A harpy skeleton (Coc:4)
  19 ushabtiu
  8 fire dragon zombies
  19 raiju
  11 spriggans
  4 spriggan zombies
  6 alligator zombies
  5 bog bodies
  A stone giant simulacrum (Vaults:1)
  15 two-headed ogres
  A fire giant simulacrum (Depths:3)
  4 ice dragon zombies
  4 ettin zombies
  112 flying skulls
  62 redbacks
  23 wraiths
  92 starcursed masses
  A frost giant simulacrum (Depths:2)
  49 ynoxinuls
  Sigmund (D:2)
  78 yaks
  An alligator skeleton (Coc:1)
  7 ettin skeletons
  4 air elementals
  22 deep elf magi
  12 vampires
  25 shadows
  23 tarantellas
  5 fire dragon skeletons
  2 black mamba zombies
  3 ice dragon skeletons
  27 trapdoor spiders
  2 elf zombies (Depths:1)
  19 fire elementals
  A hog (shapeshifter) (Vaults:4)
  16 water elementals
  5 hungry ghosts
  3 wyverns
  3 hogs (D:13)
  A yak (shapeshifter) (Depths:2)
  4 black mamba skeletons
  12 golden eyes
  3 basilisks
  A human (shapeshifter) (Abyss:3)
  13 fire bats
  42 vampire mosquitoes
  14 hippogriffs
  37 deep elf fighters
  21 chaos spawn
  47 neqoxecs
  27 insubstantial wisps
  Edmund (D:6)
  21 porcupines
  A warg (Orc:4)
  22 swamp worms
  22 wolves
  A soldier ant (shapeshifter) (Depths:2)
  10 spiny frog zombies
  75 hell hounds
  Duvessa (D:7)
  17 water moccasins
  2 spiny frog skeletons
  27 wasps
  A swamp drake (shapeshifter) (Depths:5)
  3 hydra simulacra
  2 sky beasts (shapeshifter)
  A fire dragon simulacrum (Tomb:3)
  A black bear (shapeshifter) (Abyss:3)
  An alligator simulacrum (Coc:2)
  7 eyes of draining
  2 manticore zombies
  41 orc warriors
  A swamp dragon zombie (Geh:5)
  17 swamp drakes
  An eye of draining (shapeshifter) (Vaults:4)
  2 slaves (D:9)
  2 wasps (shapeshifter)
  3 sky beasts
  A black bear (Lair:5)
  3 snapping turtle zombies
  9 phantoms
  20 centaurs
  35 ogres
  A manticore skeleton (Coc:7)
  14 boggarts
  12 ice beasts
  2 swamp dragon skeletons
  26 necrophages
  6 snapping turtle skeletons
  10 big kobolds
  19 crocodiles
  38 giant frogs
  An earth elemental (Abyss:2)
  3 gnoll sergeants (D:9)
  2 glowing shapeshifter simulacra
  2 human simulacra
  A scorpion (shapeshifter) (Vaults:5)
  A spiny frog simulacrum (Tomb:1)
  Dowan (D:7)
  2 troll zombies
  65 wights
  A troll skeleton (Crypt:2)
  5 scorpions
  A yak skeleton (Crypt:1)
  8 electric eels
  20 killer bees
  An elf simulacrum (Vaults:2)
  2 spriggan skeletons
  4 lava snakes (Volcano)
  11 crimson imps
  A giant frog zombie (D:8)
  2 human zombies
  38 orc priests
  27 jellies
  6 hounds
  34 orc wizards
  2 centaur skeletons
  42 iron imps
  2 giant frog skeletons
  9 quasits
  2 human skeletons
  14 iguanas
  4 hell rats (Hell)
  A killer bee zombie (D:9)
  2 sheep (D:11)
  18 worker ants
  A tengu zombie (Coc:4)
  2 hound skeletons
  44 mummies
  A worker ant zombie (D:10)
  6 gnolls
  Robin (D:2)
  32 river rats
  12 adders
  19 white imps
  10 shadow imps
  5 ufetubi
  3 giant eyeballs
  An ooze (D:4)
  6 worms
  3 giant geckos
  236 orcs
  13 bats
  3 giant cockroaches
  15 goblins
  10 hobgoblins
  15 jackals
  2 ball pythons
  A giant gecko skeleton (D:6)
  A giant gecko zombie (D:5)
  10 giant newts
  A gnoll skeleton (Crypt:1)
  2 gnoll zombies (D:8)
  A hobgoblin zombie (Crypt:1)
  18 kobolds
  A kobold skeleton (Geh:5)
  An orc skeleton (Geh:5)
  7 quokkas
  8 rats
  A briar patch (Swamp:3)
  3 crawling corpses
  A fire vortex (Pan)
  A lurking horror (Abyss:3)
  2 plants (Lair:8)
  18 starspawn tentacles
  8 tentacles
6019 creatures vanquished.

Vanquished Creatures (collateral kills)
  A polar bear (IceCv)
  A trapdoor spider (D:13)
  A yak (IceCv)
  A big kobold (D:13)
  2 adders
  3 river rats (Lair:2)
  4 orcs
  A giant newt (D:4)
  2 kobolds (D:13)
16 creatures vanquished.

Vanquished Creatures (others)
  Boris (Vaults:5)
  4 eldritch tentacles
  2 fire giants
  A deep elf sorcerer (Elf:3)
  A draconian scorcher (Abyss:1)
  A blood saint (Pan)
  2 ice dragons
  2 dancing weapons
  A skeletal warrior (Tomb:2)
  9 ball lightnings (Pan)
  4 death scarabs (Tomb:2)
  An anaconda zombie (Tomb:2)
  A shadow dragon zombie (Tomb:2)
  2 large abominations (Abyss:3)
  A wizard (Pan)
  A frost giant zombie (Dis:7)
  A sixfirhy (Pan)
  A hellion (Pan)
  2 smoke demons (Pan)
  A tengu conjurer (D:14)
  A hydra zombie (Geh:6)
  A harpy skeleton (Geh:7)
  2 blink frogs (Swamp:4)
  A ynoxinul (Pan)
  A deep elf mage (Elf:1)
  A redback (Spider:3)
  A wraith (Geh:1)
  A deep elf fighter (Elf:2)
  A soldier ant (shapeshifter) (Vaults:5)
  A hell hound (Dis:7)
  A swamp drake (Swamp:4)
  2 slaves (D:9)
  A spiny frog skeleton (Tomb:2)
  2 orc warriors (Orc:4)
  A centaur (Abyss:3)
  2 small abominations (Abyss:3)
  A starcursed mass (Abyss:1)
  2 mummies
  A gnoll (D:9)
  2 orcs
  2 orc skeletons
  A briar patch (Swamp:4)
  436 eldritch tentacle segments
  8 fungi
  5 lost souls (Crypt:3)
  3 lurking horrors
  36 plants
  36 starspawn tentacles
  214 starspawn tentacle segments
  11 tentacles
  643 tentacle segments
1460 creatures vanquished.

Grand Total: 7495 creatures vanquished

Notes
Turn   | Place    | Note
--------------------------------------------------------------
     0 | D:1      | Fishman the Merfolk Transmuter began the quest for the Orb.
     0 | D:1      | Reached XP level 1. HP: 15/15 MP: 3/3
   215 | D:1      | Reached XP level 2. HP: 22/22 MP: 3/5
   222 | D:1      | Learned a level 2 spell: Sticks to Snakes
   850 | D:2      | Noticed Robin
  1180 | D:2      | Reached XP level 3. HP: 26/29 MP: 4/6
  1185 | D:2      | Learned a level 3 spell: Spider Form
  1230 | D:2      | Noticed Sigmund
  1255 | D:2      | Killed Sigmund
  1255 | D:2      | Reached skill level 6 in Unarmed Combat
  1255 | D:2      | Reached XP level 4. HP: 16/35 MP: 4/7
  1255 | D:2      | Reached XP level 5. HP: 18/41 MP: 4/8
  1886 | D:2      | Killed Robin
  1926 | D:2      | Reached XP level 6. HP: 38/47 MP: 9/9
  2552 | D:3      | Found a white marble altar of Elyvilon.
  2554 | D:3      | Found a stormy altar of Qazlal.
  2723 | D:3      | Found a shadowy altar of Dithmenos.
  2741 | D:3      | Reached skill level 5 in Transmutations
  3343 | D:4      | Found a stormy altar of Qazlal.
  3923 | D:5      | Entered Level 5 of the Dungeon
  3940 | D:5      | Noticed Fishman's ghost (novice MfTm)
  3981 | D:5      | Reached skill level 1 in Evocations
  4336 | D:6      | Reached XP level 7. HP: 49/52 MP: 10/10
  4788 | D:5      | Reached skill level 7 in Unarmed Combat
  4929 | D:5      | Killed Fishman's ghost
  4929 | D:5      | Reached XP level 8. HP: 24/58 MP: 5/11
  5309 | D:6      | Reached skill level 8 in Unarmed Combat
  5362 | D:6      | Noticed Edmund
  5373 | D:6      | Killed Edmund
  5654 | D:6      | Reached skill level 9 in Unarmed Combat
  6038 | D:6      | Reached skill level 5 in Dodging
  6443 | D:7      | Reached XP level 9. HP: 63/63 MP: 8/12
  6464 | D:7      | Noticed Dowan
  6464 | D:7      | Noticed Duvessa
  6470 | D:7      | Killed Dowan
  6499 | D:7      | Killed Duvessa
  6976 | D:7      | Reached skill level 10 in Dodging
  6981 | D:7      | Found a staircase to the Ecumenical Temple.
  7022 | Temple   | Entered the Ecumenical Temple
  7362 | Temple   | Became a worshipper of Cheibriados the Contemplative
  7856 | D:8      | Reached skill level 11 in Dodging
  8285 | D:8      | Found a shattered altar of Ashenzari.
  8299 | D:8      | Reached * piety under Cheibriados
  8299 | D:8      | Reached skill level 12 in Dodging
  8399 | D:8      | Reached XP level 10. HP: 61/70 MP: 7/13
  8426 | D:8      | Found an iron altar of Okawaru.
  8426 | D:8      | Found a sparkling altar of Nemelex Xobeh.
  8657 | D:8      | Found Unedghiack's Assorted Antiques.
  8686 | D:8      | Bought a wooden ring for 115 gold pieces
  8686 | D:8      | Bought a dark potion for 20 gold pieces
  8686 | D:8      | Bought a tapered bone wand for 92 gold pieces
  8686 | D:8      | Bought 3 sapphire potions for 62 gold pieces
  8716 | D:8      | Found a basalt altar of Yredelemnul.
  8971 | D:9      | Reached skill level 13 in Dodging
  9025 | D:9      | Noticed Pikel
  9042 | D:9      | Killed Pikel
  9042 | D:9      | Reached skill level 10 in Unarmed Combat
  9149 | D:9      | Reached ** piety under Cheibriados
  9201 | D:9      | HP: 1/70 [yak (14)]
  9622 | D:9      | Learned a level 4 spell: Ice Form
 10092 | D:9      | Found a staircase to the Orcish Mines.
 10115 | D:9      | Reached XP level 11. HP: 33/75 MP: 10/14
 10124 | D:9      | Reached *** piety under Cheibriados
 11118 | D:9      | Learned a level 5 spell: Blade Hands
 11124 | D:9      | Reached **** piety under Cheibriados
 11154 | D:10     | Entered Level 10 of the Dungeon
 11530 | D:10     | Reached skill level 1 in Invocations
 12045 | D:10     | Noticed Snorg
 12067 | D:10     | Killed Snorg
 12305 | D:10     | Found a staircase to the Lair.
 12700 | D:11     | Reached ***** piety under Cheibriados
 12744 | D:11     | Noticed an eight-headed hydra
 12749 | D:11     | Killed an eight-headed hydra
 13182 | D:11     | Reached skill level 10 in Transmutations
 13197 | D:11     | Reached skill level 1 in Armour
 13466 | Lair:1   | Entered Level 1 of the Lair of Beasts
 13473 | Lair:1   | Reached XP level 12. HP: 80/81 MP: 13/17
 13611 | Lair:1   | Reached skill level 5 in Fighting
 13739 | Lair:1   | Found a frozen archway.
 13752 | IceCv    | Entered an ice cave
 13927 | IceCv    | Reached ****** piety under Cheibriados
 14016 | IceCv    | Noticed a frost giant
 14026 | IceCv    | Killed a frost giant
 14026 | IceCv    | Reached skill level 10 in Fighting
 14411 | Lair:1   | Reached XP level 13. HP: 97/106 MP: 10/18
 15757 | Lair:3   | Found a staircase to the Swamp.
 15893 | Lair:3   | Reached skill level 14 in Unarmed Combat
 16145 | Lair:3   | Noticed Gastronok
 16155 | Lair:3   | Killed Gastronok
 16732 | Lair:4   | Got a creamy pearl robe
 16743 | Lair:4   | Identified the cursed +1 robe of Cowardice {*Corrode Str+5} (You found it on level 4 of the Lair of Beasts)
 16974 | Lair:4   | Reached skill level 15 in Unarmed Combat
 17023 | Lair:4   | Reached XP level 14. HP: 116/118 MP: 14/19
 17604 | Lair:5   | Found a dark tunnel.
 17624 | Volcano  | Entered a volcano
 17791 | Volcano  | Found a basalt altar of Yredelemnul.
 18282 | Lair:5   | Reached skill level 1 in Stealth
 18665 | Lair:6   | Reached skill level 15 in Fighting
 18673 | Lair:6   | Found a staircase to the Slime Pits.
 18831 | Lair:6   | Got a heavily runed hat
 18841 | Lair:6   | Learned a level 6 spell: Statue Form
 19163 | Lair:6   | Found a hole to the Spider Nest.
 19279 | Lair:6   | Reached skill level 1 in Earth Magic
 20038 | Lair:7   | Identified the +2 hat "Buxe" {Str+3 Dex-3 SInv} (You found it on level 6 of the Lair of Beasts)
 20126 | Lair:7   | Reached XP level 15. HP: 129/129 MP: 16/22
 20208 | Lair:7   | Learned a level 2 spell: Stoneskin
 20416 | Lair:8   | Entered Level 8 of the Lair of Beasts
 20740 | Lair:8   | Reached skill level 5 in Earth Magic
 21352 | Lair:8   | Reached skill level 5 in Invocations
 21985 | D:12     | Reached skill level 5 in Spellcasting
 22049 | D:12     | Identified the Compendium of Confrontation and the Volcanoes
 22057 | D:12     | Learned a level 5 spell: Irradiate
 22668 | D:12     | Noticed Sonja
 22673 | D:12     | Killed Sonja
 22836 | D:12     | Identified a +3 rod of inaccuracy (9/9) (You found it on level 12 of the Dungeon)
 22998 | D:13     | Noticed Kirke
 23018 | D:13     | Killed Kirke
 23116 | D:13     | Reached XP level 16. HP: 136/136 MP: 9/23
 23329 | D:13     | Found a gate to the Vaults.
 23676 | D:14     | Found a sparkling altar of Nemelex Xobeh.
 23984 | D:14     | Noticed Azrael
 23995 | D:14     | Killed Azrael
 24288 | D:14     | Reached skill level 15 in Transmutations
 24590 | D:15     | Entered Level 15 of the Dungeon
 24590 | D:15     | Noticed Roxanne
 24760 | D:15     | Killed Roxanne
 24762 | D:15     | Identified Roxanne's Tome of Vitriolic Changing (You took it off Roxanne on level 15 of the Dungeon)
 24923 | D:15     | Found a staircase to the Depths.
 25480 | D:15     | Found a portal to a secret trove of treasure.
 25951 | D:15     | Learned a level 5 spell: Phase Shift
 26203 | Orc:1    | Entered Level 1 of the Orcish Mines
 26360 | Orc:1    | Noticed Erolcha
 26371 | Orc:1    | Killed Erolcha
 26767 | Orc:2    | Found Zisa's Assorted Antiques.
 26851 | Orc:2    | Found Voukhiull's Book Shop.
 26949 | Orc:2    | Bought a book of Minor Magic for 320 gold pieces
 26949 | Orc:2    | Bought a book of Battle for 640 gold pieces
 26952 | Orc:2    | Learned a level 2 spell: Blink
 27004 | Orc:2    | Found Fahufon's Magic Scroll Shop.
 27030 | Orc:2    | Bought a scroll of teleportation for 36 gold pieces
 27030 | Orc:2    | Bought a scroll of blinking for 90 gold pieces
 27030 | Orc:2    | Bought a scroll of teleportation for 36 gold pieces
 27189 | Orc:3    | Found Vutyilad's Assorted Antiques.
 27189 | Orc:3    | Noticed Harold
 27197 | Orc:3    | Killed Harold
 27197 | Orc:3    | Reached skill level 1 in Translocations
 27207 | Orc:3    | Bought a scroll of blinking for 225 gold pieces
 27398 | Orc:3    | Found Kopsegg's Antique Weapon Shoppe.
 27548 | Orc:3    | Noticed Urug
 27560 | Orc:3    | Killed Urug
 27611 | Orc:3    | Found Meoj's Armour Boutique.
 27894 | Orc:4    | Entered Level 4 of the Orcish Mines
 27973 | Orc:4    | Found Rufai's Food Boutique.
 28005 | Orc:4    | Found Xuxkuco's Food Shop.
 28103 | Orc:4    | Reached XP level 17. HP: 142/142 MP: 18/29
 28105 | Orc:4    | Reached skill level 5 in Translocations
 28146 | Orc:4    | Found Maeky's Book Emporium.
 28146 | Orc:4    | Found Suade's Antique Armour Shoppe.
 28147 | Orc:4    | Found a one-way gate leading to the halls of Pandemonium.
 28152 | Orc:4    | Bought a pair of glowing boots for 148 gold pieces
 28412 | Orc:4    | Found a staircase to the Elven Halls.
 29321 | Spider:1 | Entered Level 1 of the Spider Nest
 29591 | Spider:1 | Reached skill level 15 in Dodging
 31089 | Spider:2 | Learned a level 3 spell: Regeneration
 31306 | Spider:2 | Reached skill level 1 in Charms
 31797 | Spider:3 | Reached skill level 10 in Spellcasting
 32120 | Spider:4 | Entered Level 4 of the Spider Nest
 32332 | Spider:4 | Gained mutation: Your natural rate of healing is unusually fast. [potion of beneficial mutation]
 32508 | Spider:4 | Reached skill level 16 in Dodging
 32594 | Spider:4 | Reached skill level 5 in Charms
 32601 | Spider:4 | Reached XP level 18. HP: 149/149 MP: 20/32
 33018 | Spider:4 | Reached skill level 17 in Dodging
 33276 | Spider:4 | Got a gossamer rune of Zot
 33800 | Swamp:1  | Entered Level 1 of the Swamp
 34664 | Swamp:2  | Paralysed by a hornet for 4 turns
 35732 | Swamp:4  | Entered Level 4 of the Swamp
 35755 | Swamp:4  | Reached XP level 19. HP: 155/155 MP: 26/33
 35834 | Swamp:4  | Reached skill level 18 in Unarmed Combat
 35982 | Swamp:4  | Noticed Donald
 35992 | Swamp:4  | Killed Donald
 36102 | Swamp:4  | Reached skill level 19 in Unarmed Combat
 36201 | Swamp:4  | Got a decaying rune of Zot
 36951 | D:15     | Learned a level 7 spell: Dragon Form
 36988 | Depths:1 | Entered Level 1 of the Depths
 37124 | Depths:1 | Found a glowing golden altar of the Shining One.
 37359 | Depths:1 | Found a gateway to a ziggurat.
 37481 | Depths:1 | Found a gateway to Hell.
 37488 | Depths:1 | Reached skill level 1 in Throwing
 37689 | Depths:1 | Reached skill level 5 in Throwing
 37697 | Depths:1 | Noticed a bone dragon
 37704 | Depths:1 | Killed a bone dragon
 37720 | Depths:1 | Reached XP level 20. HP: 150/164 MP: 34/34
 38039 | Depths:2 | Found Efilat's Armour Shoppe.
 38230 | Depths:2 | Reached skill level 10 in Throwing
 38305 | Depths:2 | Noticed a golden dragon
 38312 | Depths:2 | Killed a golden dragon
 38391 | Depths:2 | Lost mutation: Your natural rate of healing is unusually fast. [potion of cure mutation]
 39180 | Depths:3 | Found a one-way gate to the infinite horrors of the Abyss.
 39522 | Depths:3 | Reached XP level 21. HP: 169/178 MP: 21/35
 39729 | Depths:3 | Noticed Mara
 39733 | Depths:3 | Noticed Fishman's illusion
 39738 | Depths:3 | Killed Mara
 40135 | Depths:3 | Reached skill level 20 in Fighting
 40140 | Depths:3 | Noticed a caustic shrike
 40141 | Depths:3 | Killed a caustic shrike
 40145 | Depths:3 | Noticed a juggernaut
 40151 | Depths:3 | Killed a juggernaut
 40870 | Depths:4 | Noticed a caustic shrike
 40870 | Depths:4 | Noticed a caustic shrike
 40870 | Depths:4 | Noticed a caustic shrike
 40870 | Depths:4 | Noticed endege's ghost (veteran GrBe)
 40943 | Depths:4 | Killed endege's ghost
 40990 | Depths:4 | Reached XP level 22. HP: 60/192 MP: 14/36
 41150 | Depths:4 | Killed a caustic shrike
 41175 | Depths:4 | Noticed an iron giant
 41180 | Depths:4 | Killed an iron giant
 41351 | Depths:4 | Noticed a juggernaut
 41360 | Depths:4 | Killed a juggernaut
 41363 | Depths:4 | Killed a caustic shrike
 41441 | Depths:4 | Killed a caustic shrike
 41548 | Depths:4 | Reached skill level 10 in Invocations
 42534 | Depths:4 | Reached XP level 23. HP: 198/198 MP: 34/37
 42608 | Depths:5 | Entered Level 5 of the Depths
 42876 | Depths:5 | Reached skill level 21 in Fighting
 42883 | Depths:5 | Found a gate to the Realm of Zot.
 43205 | Depths:5 | Found a sparkling altar of Nemelex Xobeh.
 43252 | Depths:5 | Identified Raugea's Volume of the Damaging Birds
 43258 | Depths:5 | Identified a scroll of acquirement
 43743 | Depths:1 | Paralysed by a giant eyeball for 2 turns
 43749 | Depths:1 | Paralysed by a giant eyeball for 4 turns
 44245 | Vaults:1 | Entered Level 1 of the Vaults
 44354 | Vaults:1 | Found Gigoyfigre's Book Shop.
 44439 | Vaults:1 | Reached XP level 24. HP: 208/208 MP: 37/37
 44495 | Vaults:1 | Found Zapnam's Magic Scroll Shoppe.
 44517 | Vaults:1 | Bought a scroll of teleportation for 60 gold pieces
 44523 | Vaults:1 | Found Toffoavo's Antique Armour Shoppe.
 44523 | Vaults:1 | Found Casy's Book Shoppe.
 45131 | Vaults:1 | Reached skill level 22 in Dodging
 45475 | Vaults:2 | Noticed Asterion
 45479 | Vaults:2 | Killed Asterion
 45644 | Vaults:2 | Noticed Boris
 45669 | Vaults:2 | Killed Boris
 46038 | Vaults:2 | Noticed Frederick
 46044 | Vaults:2 | Killed Frederick
 46265 | Vaults:2 | Noticed Xtahua
 46274 | Vaults:2 | Killed Xtahua
 46631 | Vaults:2 | Found a staircase to the Crypt.
 46983 | Vaults:3 | Noticed Sojobo
 46994 | Vaults:3 | Killed Sojobo
 47991 | Vaults:4 | Reached skill level 23 in Dodging
 47991 | Vaults:4 | Reached XP level 25. HP: 175/219 MP: 37/37
 49515 | Depths:3 | Voluntarily entered the Abyss.
 49666 | Abyss:2  | Found a corrupted altar of Lugonu.
 50243 | Abyss:2  | Reached skill level 5 in Stealth
 50274 | Abyss:2  | Found a corrupted altar of Lugonu.
 50404 | Abyss:2  | Noticed an ancient lich
 50407 | Abyss:2  | Killed an ancient lich
 51156 | Abyss:3  | Reached skill level 24 in Dodging
 51194 | Abyss:3  | Paralysed by accursed screaming for 1 turns
 51339 | Abyss:3  | Found an iron altar of Okawaru.
 51352 | Abyss:3  | Reached XP level 26. HP: 223/229 MP: 37/37
 51510 | Abyss:3  | Paralysed by accursed screaming for 1 turns
 51528 | Abyss:3  | Identified a +8 rod of clouds (9/9) (You found it on level 3 of the Abyss)
 51571 | Abyss:3  | Paralysed by accursed screaming for 1 turns
 51622 | Abyss:3  | Noticed an ancient lich
 51626 | Abyss:3  | Killed an ancient lich
 51626 | Abyss:3  | Reached skill level 5 in Evocations
 52113 | Abyss:3  | Gained mutation: Armour fits poorly on your strangely shaped body. [a neqoxec]
 52169 | Abyss:3  | Reached skill level 10 in Stealth
 53366 | Abyss:3  | Gained mutation: You expend magic power (3 MP) to strengthen your wands. [a neqoxec]
 53674 | Abyss:3  | Reached skill level 10 in Evocations
 53748 | Abyss:3  | Got an abyssal rune of Zot
 53855 | Abyss:3  | Paralysed by accursed screaming for 1 turns
 53878 | Abyss:3  | Reached XP level 27. HP: 143/235 MP: 20/37
 53935 | Abyss:3  | Paralysed by accursed screaming for 1 turns
 54174 | Depths:3 | Escaped the Abyss
 54249 | Zot:1    | Entered Level 1 of the Realm of Zot
 54300 | Zot:1    | Noticed nago's ghost (master CeAs)
 54313 | Zot:1    | Killed nago's ghost
 54572 | Zot:1    | Lost mutation: Armour fits poorly on your strangely shaped body. [potion of cure mutation]
 54572 | Zot:1    | Lost mutation: You expend magic power (3 MP) to strengthen your wands. [potion of cure mutation]
 55445 | Zot:2    | Reached skill level 15 in Evocations
 57052 | Zot:4    | Identified a +1 rod of the swarm (13/13) (You found it on level 4 of the Realm of Zot)
 57653 | Zot:5    | Entered Level 5 of the Realm of Zot
 57738 | Zot:5    | Reached skill level 25 in Unarmed Combat
 57983 | Zot:5    | Noticed an ancient lich
 57987 | Zot:5    | Killed an ancient lich
 57992 | Zot:5    | Noticed an ancient lich
 58006 | Zot:5    | Killed an ancient lich
 58006 | Zot:5    | Reached skill level 26 in Unarmed Combat
 58013 | Zot:5    | Noticed an orb of fire
 58024 | Zot:5    | Killed an orb of fire
 58067 | Zot:5    | Noticed an orb of fire
 58162 | Zot:5    | Killed an orb of fire
 58238 | Zot:5    | Reached skill level 27 in Unarmed Combat
 58304 | Zot:5    | Noticed an orb of fire
 58312 | Zot:5    | Noticed an ancient lich
 58312 | Zot:5    | Killed an orb of fire
 58316 | Zot:5    | Killed an ancient lich
 58324 | Zot:5    | Noticed an orb of fire
 58324 | Zot:5    | Noticed an orb of fire
 58325 | Zot:5    | Noticed an orb of fire
 58328 | Zot:5    | Killed an orb of fire
 58493 | Zot:5    | Killed an orb of fire
 58583 | Zot:5    | Killed an orb of fire
 58996 | Hell     | Entered the Vestibule of Hell
 58996 | Hell     | Noticed Geryon
 59015 | Hell     | Noticed Murray
 59021 | Hell     | Reached skill level 27 in Dodging
 59179 | Hell     | Killed Murray
 59291 | Hell     | Killed Geryon
 59372 | Hell     | Found a gateway to the freezing wastes of Cocytus.
 59454 | Hell     | Found a gateway to the decaying netherworld of Tartarus.
 59495 | Hell     | Found a gateway to the ashen valley of Gehenna.
 59565 | Hell     | Found a gateway to the Iron City of Dis.
 60117 | Vaults:1 | Bought a book of the Sky for 780 gold pieces
 60127 | Vaults:1 | Learned a level 9 spell: Tornado
 60283 | Vaults:5 | Entered Level 5 of the Vaults
 60288 | Vaults:5 | Reached skill level 1 in Air Magic
 60421 | Vaults:5 | Noticed Boris
 60433 | Vaults:5 | Killed Boris
 60593 | Vaults:4 | Reached skill level 5 in Air Magic
 61003 | Vaults:5 | Got an opal-encrusted ring mail
 61004 | Vaults:5 | Identified the +1 ring mail "Zuuzille" {rElec} (You found it on level 5 of the Vaults)
 61050 | Vaults:5 | Identified a +3 rod of clouds (5/9) (You took it off an ironheart preserver on level 5 of the Vaults)
 61238 | Vaults:5 | Got a wavering silver ring
 61250 | Vaults:5 | Got a scorched lapis lazuli ring
 61256 | Vaults:5 | Got a crude pewter amulet
 61360 | Vaults:5 | Identified the Compendium of Enchantment and Protection (You found it on level 5 of the Vaults)
 61380 | Vaults:5 | Identified the amulet "Veschol" {Spirit rF+ rC+} (You took it off a deep elf priest on level 5 of the Vaults)
 61475 | Vaults:5 | Identified the ring of Charity {Fire Str+5} (You took it off an ironbrand convoker on level 5 of the Vaults)
 61478 | Vaults:5 | Identified the ring "Basig" {Ice rElec rPois} (You took it off a yaktaur captain on level 5 of the Vaults)
 61685 | Vaults:5 | Got a silver rune of Zot
 62590 | Elf:1    | Entered Level 1 of the Elven Halls
 63488 | Elf:2    | Found Dixo Nubo's Armour Shop.
 63550 | Elf:2    | Found a runed gate.
 63550 | Elf:2    | Found a runed gate.
 63550 | Elf:2    | Found a runed gate.
 63783 | Elf:2    | Found an ancient bone altar of Kikubaaqudgha.
 63925 | Elf:2    | Reached skill level 10 in Air Magic
 64296 | Elf:3    | Entered Level 3 of the Elven Halls
 64697 | Elf:3    | Identified the Catalogue of Flamy Conjuration (You found it on level 3 of the Elven Halls)
 64730 | Elf:3    | Identified the Reference Book on Supportive Bewitchment (You found it on level 3 of the Elven Halls)
 64803 | Elf:3    | Identified the Grimoire of Confrontation and Ice (You found it on level 3 of the Elven Halls)
 64844 | Elf:3    | Identified a +3 rod of inaccuracy (13/13) (You found it on level 3 of the Elven Halls)
 64866 | Elf:3    | Got a bound bronze amulet
 64872 | Elf:3    | Identified the amulet of Gaugum {Ward rPois rN+} (You found it on level 3 of the Elven Halls)
 65767 | Slime:1  | Entered Level 1 of the Pits of Slime
 65903 | Slime:4  | Reached skill level 27 in Fighting
 66085 | Slime:6  | Entered Level 6 of the Pits of Slime
 66105 | Slime:6  | Gained mutation: You have sharp fingernails. [a shining eye]
 66106 | Slime:6  | Noticed the royal jelly
 66350 | Slime:6  | Found a viscous altar of Jiyva.
 66538 | Slime:6  | Killed the royal jelly
 66560 | Slime:6  | Got a slimy rune of Zot
 66562 | Slime:6  | Got a clouded bronze amulet
 66564 | Slime:6  | Identified the amulet of Pifeubb {Inacc +Fly rElec Int+2} (You found it on level 6 of the Pits of Slime)
 67182 | Pan      | Entered Pandemonium
 67380 | Pan      | Found an exit through the horrors of the Abyss.
 68009 | Pan      | Noticed Wayddioc the pandemonium lord
 68017 | Pan      | Killed Wayddioc the pandemonium lord
 68182 | Pan      | Noticed Qasa the pandemonium lord
 68185 | Pan      | Killed Qasa the pandemonium lord
 68419 | Pan      | Found an exit through the horrors of the Abyss.
 68685 | Pan      | Gained mutation: Scrolls take you a little longer to read. [a neqoxec]
 68950 | Pan      | Found an exit through the horrors of the Abyss.
 69017 | Pan      | Noticed Otromam the pandemonium lord
 69021 | Pan      | Killed Otromam the pandemonium lord
 69021 | Pan      | Reached skill level 15 in Air Magic
 69204 | Pan      | Found an exit through the horrors of the Abyss.
 69770 | Pan      | Noticed Liroqado the pandemonium lord
 69775 | Pan      | Killed Liroqado the pandemonium lord
 69779 | Pan      | Reached skill level 15 in Spellcasting
 70011 | Pan      | Found an exit through the horrors of the Abyss.
 70073 | Pan      | Entered the realm of Lom Lobon.
 70073 | Pan      | Found an exit through the horrors of the Abyss.
 71339 | Pan      | Noticed Lom Lobon
 71369 | Pan      | Lost mutation: Scrolls take you a little longer to read. [potion of cure mutation]
 71369 | Pan      | Lost mutation: You have sharp fingernails. [potion of cure mutation]
 71821 | Pan      | Killed Lom Lobon
 71838 | Pan      | Got a magical rune of Zot
 72126 | Pan      | Found an exit through the horrors of the Abyss.
 72226 | Pan      | Found an exit through the horrors of the Abyss.
 72334 | Pan      | Gained mutation: You are frail (-10% HP). [a neqoxec]
 72544 | Pan      | Found an exit through the horrors of the Abyss.
 72720 | Pan      | Found a runed door.
 72725 | Pan      | Found a runed door.
 72790 | Pan      | Found a runed door.
 72873 | Pan      | Noticed Puziem the pandemonium lord
 72880 | Pan      | Killed Puziem the pandemonium lord
 73165 | Pan      | Got a demonic rune of Zot
 73174 | Pan      | Entered the realm of Cerebov.
 73199 | Pan      | Noticed Mennas
 73210 | Pan      | Killed Mennas
 73289 | Pan      | Identified a +2 rod of clouds (12/12) (You found it in Pandemonium)
 73307 | Pan      | Noticed Cerebov
 73325 | Pan      | Killed Cerebov
 73583 | Pan      | Got a fiery rune of Zot
 73659 | Pan      | Found an exit through the horrors of the Abyss.
 74067 | Pan      | Entered the realm of Mnoleg.
 74075 | Pan      | Paralysed by a giant eyeball for 4 turns
 74082 | Pan      | Paralysed by a giant eyeball for 4 turns
 74160 | Pan      | Noticed Mnoleg
 74190 | Pan      | Killed Mnoleg
 74427 | Pan      | Got a glowing rune of Zot
 74469 | Pan      | Found an exit through the horrors of the Abyss.
 74816 | Pan      | Reached skill level 5 in Armour
 74889 | Pan      | Noticed Joehuph the pandemonium lord
 74896 | Pan      | Killed Joehuph the pandemonium lord
 74925 | Pan      | Found an exit through the horrors of the Abyss.
 74964 | Pan      | Noticed Weduycro the pandemonium lord
 74975 | Pan      | Killed Weduycro the pandemonium lord
 75003 | Pan      | HP: 9/291 [ynoxinul/iron shot (35)]
 75379 | Pan      | Found an exit through the horrors of the Abyss.
 75464 | Pan      | Found a huge runed gate.
 75519 | Pan      | Noticed Pyuluov the pandemonium lord
 75535 | Pan      | Killed Pyuluov the pandemonium lord
 75586 | Pan      | Noticed Ignacio
 75951 | Pan      | Killed Ignacio
 76003 | Pan      | Entered the realm of Gloorx Vloq.
 76302 | Pan      | Noticed Gloorx Vloq
 76323 | Pan      | Killed Gloorx Vloq
 76335 | Pan      | Got a dark rune of Zot
 76425 | Pan      | Lost mutation: You are frail (-10% HP). [potion of cure mutation]
 76621 | Pan      | Reached skill level 10 in Armour
 76868 | Pan      | Noticed Qeecuz the pandemonium lord
 76956 | Pan      | Found an exit through the horrors of the Abyss.
 76972 | Pan      | Took an exit into the Abyss.
 76972 | Abyss:1  | Escaped into the Abyss
 77048 | Abyss:1  | Got a scintillating copper ring
 77050 | Abyss:1  | Identified the ring "Gamipu" {rF+ Str+4} (You found it on level 1 of the Abyss)
 77130 | Orc:4    | Escaped the Abyss
 77468 | Orc:4    | Upgraded the game from 0.18-a0-270-ga9d907f to 0.18-a0-316-gf882de5
 77993 | Coc:1    | Entered Level 1 of Cocytus
 78656 | Coc:7    | Entered Level 7 of Cocytus
 79538 | Coc:7    | Identified the Handbook of the Destructive Volcanoes (You found it on level 7 of Cocytus)
 79542 | Coc:7    | Identified the Papyrus of Attacks and Dislocation
 79642 | Coc:7    | Gained mutation: You can spit weak poison. [potion of beneficial mutation]
 79834 | Coc:7    | Noticed Antaeus
 79857 | Coc:7    | Killed Antaeus
 79988 | Coc:7    | Got an icy rune of Zot
 80254 | Geh:1    | Entered Level 1 of Gehenna
 81462 | Geh:7    | Entered Level 7 of Gehenna
 81689 | Geh:7    | Noticed Asmodeus
 81702 | Geh:7    | Killed Asmodeus
 81739 | Geh:7    | Got an obsidian rune of Zot
 81897 | Dis:1    | Entered Level 1 of the Iron City of Dis
 81995 | Dis:2    | Gained mutation: You are weak. (Str -2) [a cacodemon]
 81999 | Dis:2    | Lost mutation: You can spit weak poison. [potion of cure mutation]
 81999 | Dis:2    | Lost mutation: You are weak. (Str -2) [potion of cure mutation]
 82117 | Dis:2    | Reached skill level 15 in Stealth
 82751 | Dis:7    | Entered Level 7 of the Iron City of Dis
 83472 | Dis:7    | Noticed Dispater
 83499 | Dis:7    | Killed Dispater
 83528 | Dis:7    | Got a transparent golden ring
 83530 | Dis:7    | Identified the ring "Azujeg" {rC- rN+ Str+7 Int+4} (You found it on level 7 of the Iron City of Dis)
 83533 | Dis:7    | Gained mutation: You tend to lose your temper in combat. [mutagenic glow]
 83539 | Dis:7    | Got an iron rune of Zot
 83927 | Tar:1    | Entered Level 1 of Tartarus
 84743 | Tar:7    | Entered Level 7 of Tartarus
 84879 | Tar:7    | Noticed Ereshkigal
 84887 | Tar:7    | Killed Ereshkigal
 84973 | Tar:7    | Got a bone rune of Zot
 85335 | Crypt:1  | Entered Level 1 of the Crypt
 85521 | Crypt:3  | Entered Level 3 of the Crypt
 85782 | Crypt:3  | Found a basalt altar of Yredelemnul.
 85782 | Crypt:3  | Noticed an ancient lich
 85790 | Crypt:3  | Killed an ancient lich
 85908 | Crypt:3  | Noticed an ancient lich
 85916 | Crypt:3  | Killed an ancient lich
 86128 | Crypt:3  | Found a staircase to the Tomb.
 86174 | Tomb:1   | Entered Level 1 of the Tomb of the Ancients
 86521 | Tomb:2   | Noticed an ancient lich
 86531 | Tomb:2   | Killed an ancient lich
 87990 | Tomb:3   | Entered Level 3 of the Tomb of the Ancients
 88003 | Tomb:3   | Reached skill level 27 in Air Magic
 90060 | Tomb:3   | Noticed an ancient lich
 90077 | Tomb:3   | Killed an ancient lich
 90624 | Tomb:3   | Got a golden rune of Zot
 90678 | Tomb:3   | Identified the Handbook of Supportive Cold
 90681 | Tomb:3   | Got a pitted lapis lazuli ring
 90683 | Tomb:3   | Identified the ring of Urhuuv {Wiz rC+ Int+3 Stlth+} (You found it on level 3 of the Tomb of the Ancients)
 90687 | Tomb:3   | Identified a +4 rod of destruction (9/9) (You found it on level 3 of the Tomb of the Ancients)
 90693 | Tomb:3   | Got a brightly glowing brass ring
 90695 | Tomb:3   | Identified the ring "Rishuo" {Ice Dex+5} (You found it on level 3 of the Tomb of the Ancients)
 91884 | Zot:5    | Got the Orb of Zot
 92007 | Zot:1    | Noticed Ojeet the pandemonium lord
 92020 | Zot:1    | Killed Ojeet the pandemonium lord
 92503 | D:1      | Noticed Wauneof the pandemonium lord
 92509 | D:1      | Killed Wauneof the pandemonium lord
 92520 | D:$      | Escaped with the Orb!

Vault maps used:
D:1:      scummos_arrival_simple_crosswalls
D:2:      uniq_sigmund, uniq_robin
D:3:      grunt_dithmenos_smoke, grunt_temple_overflow_open, first_bread
D:4:      nicolae_qazlal_eye_of_the_storm
D:6:      kennysheep_nondescript, uniq_edmund
D:7:      temple_green, uniq_duvessa
D:8:      cheibrodos_ashenzari_chains, lemuel_zombie_altar_yredelemnul,
          amethyst_overflow_temple_binary, serial_shops, shop_statue
D:9:      kennysheep_orc_monster_closet_entryway, serial_undead,
          serial_undead_f, serial_undead_d, serial_undead_d, serial_undead_c,
          uniq_pikel
D:10:     david_lair_shrubbed, uniq_snorg
D:12:     minmay_smoke_and_mirrors, uniq_sonja
D:13:     erik_vaults_1, uniq_kirke
D:14:     minmay_misc_feat_encased, grunt_ogre_cave,
          nemelex_diamond_rough_becter, uniq_azrael
D:15:     grunt_enter_depths_giant_problem, enter_trove_1,
          roderic_ancient_swastika, nrook_loot_triangle, uniq_roxanne
Temple:   triangle_lava_temple_12
Lair:1:   portal_ice_cave_entry_pillars_02, serial_bayou_pond_d
Lair:2:   serial_bayou_pond_b, grunt_megastairs_3
Lair:3:   minmay_swamp_entry_worms, uniq_gastronok
Lair:5:   nicolae_volcano_entry_two_sided, forest_entry_grove
Lair:6:   boulder_dual_corridor_run, nicolae_spider_entry_non_spiders,
          minmay_slime_entry_pillars, special_room, infiniplex_staircase_pool,
          grunt_megastairs_4
Lair:7:   lemuel_oklob_altar
Lair:8:   minmay_lair_end_frog_pond
Swamp:1:  hangedman_swamp_ruin_wall
Swamp:2:  evilmike_swamp_ruin_house_2, swamp_pool5
Swamp:3:  nicolae_swamp_round_clearing
Swamp:4:  swamp_basic_johnstein, swamp_pool2, uniq_donald
Spider:1: hangedman_spider_trapstep
Spider:2: hive_lemuel
Spider:4: grunt_spider_rune_circles
Slime:3:  nicolae_slime_ancient_tower_intersection
Slime:4:  special_room
Slime:5:  cheibrodos_slime_lost_civilization_3
Orc:1:    uniq_erolcha
Orc:2:    serial_shops, shop, nicolae_shop_behind_doors, shop,
          nicolae_orc_damp_corner
Orc:3:    serial_shops, shop, shop, shop_fountains, nicolae_orc_pool_cavern,
          uniq_urug, uniq_harold
Orc:4:    pf_orc_diabolical
Elf:1:    hangedman_elf_represent
Elf:2:    serial_shops, shop, basic_altar
Elf:3:    minmay_elf_hall_hex
Vaults:1: grunt_vaults_bifocal, vaults_room_grid,
          hangedman_vaults_hard_town_square, v_rooms_6, hangedman_vaults_stream,
          vaults_dpeg_diagonal, vaults_room_grunt_arrival_ludios,
          nicolae_vaults_triangles, vaults_dpeg_doors, grunt_vaults_diagonal,
          v_alt_pattern_4, nicolae_vaults_three_branches,
          nicolae_vaults_little_squares_1, ontoclasm_vaults_eye, serial_shops,
          shop
Vaults:2: minmay_crypt_entry_simple_round, vaults_mumra_hex, v_misc_24,
          ontoclasm_vaults_ligature, hangedman_vaults_nails,
          ontoclasm_vaults_twist, vaults_room_pools, v_misc_13,
          grunt_vaults_twisty, nicolae_vaults_little_squares_4, uniq_asterion,
          uniq_frederick, uniq_xtahua, uniq_boris
Vaults:3: ontoclasm_vaults_idyll, v_rooms_4, nicolae_vaults_murderbox,
          vaults_dpeg_encased_lava, v_misc_27, nicolae_vaults_little_ls,
          hangedman_vaults_slice, nicolae_vaults_rhombus_5, v_misc_13,
          grunt_vaults_funnel, nicolae_vaults_little_squares_4,
          vaults_room_hallway, ontoclasm_vaults_pinch, uniq_sojobo
Vaults:4: ontoclasm_vaults_gallery, vaults_standard_mumra_lines, v_pattern_1,
          vaults_room_fours, nicolae_vaults_little_squares_1,
          ontoclasm_vaults_loading_screen, vaults_room_pool
Vaults:5: uniq_boris
Crypt:1:  minivault_11
Crypt:2:  mu_enter_wizlab_3, roderic_lattice_octagonal_star
Crypt:3:  cryptofortress_bobbens
Depths:1: enter_ziggurat_c, serial_bayou, serial_bayou_lagoon_a,
          serial_bayou_pond_a, serial_bayou_shore_b, serial_bayou_pond_b,
          grunt_mini_vestibule, tso_metal_star, hangedman_decor_riveting,
          minmay_stone_trees_small, minmay_guarded_unrand_zonguldrok
Depths:2: minmay_textured_paths, infiniplex_staircase_9_rooms, hell_entry,
          serial_shops, kennysheep_mini
Depths:3: minmay_quarter_circles, pan_entry, hangedman_abyss_entry_splay,
          pf_hell_entry_tar_spiral, corexii_leaking_fountain,
          serial_bayou_shore_b, uniq_mara
Depths:4: grunt_arcs, abyss_entry, grunt_hell_entry_dis_grunt,
          roderic_lattice_a, lightli_fourway_metalbox,
          infiniplex_staircase_zigzag_2
Depths:5: grunt_zot_entry_tricorne, hell_entry, abyss_entry_small_statue_room,
          library_closet, nemelex_deck, serial_bayou_shore_a
Dis:5:    evilmike_ambush
Dis:7:    dis_grunt_layers
Geh:1:    special_room
Geh:4:    lemuel_flamethrower_2
Geh:7:    geh_hangedman
Coc:4:    hangedman_elemental_grid_stream
Coc:5:    hangedman_feature_mirror
Coc:7:    coc_dpeg
Tar:4:    nicolae_tar_fractal_crypt
Tar:5:    nicolae_tar_cuneiform_bread
Tar:7:    tar_grunt_cathedral
Zot:1:    kennysheep_room_grid
Zot:2:    nicolae_zot_stationary_front
Zot:3:    grunt_megastairs_1
Zot:4:    hangedman_zot_decor_tridents
Zot:5:    lemuel_baited_zot_trap, basic_stair_grate_trap
Abyss:1:  evilmike_abyss_exit_disperse
Abyss:3:  guppyfry_abyss_exit_spiral_guarded, hangedman_abyss_rune_macabre_mess
Pan:      rand_demon_1, evilmike_mini_pan_branches, pan_blood_fountain,
          nicolae_pan_double_arrow, nicolae_pan_lom_lobonic_4,
          evilmike_mini_pan_corner, rand_demon_4, evilmike_mini_pan_doors,
          pan_blood_fountain_small, evilmike_mini_pan_branches,
          pan_blood_fountain_small, nicolae_pan_sigil_obb,
          nicolae_pan_mnolegish_1, evilmike_mini_pan_doors_b,
          pan_blood_fountain, pan_blood_fountain_small,
          reaverb_pan_figure_eight, rand_demon_8, pan_blood_fountain_small,
          grunt_pan_spiral, nicolae_pan_lom_lobonic_4, nicolae_pan_sigil_obb,
          lom_lobon_spiral_st, pan_blood_fountain_small, rand_demon_5,
          rand_demon_2, nicolae_pan_mnolegish_2, evilmike_mini_pan_V,
          evilmike_mini_pan_V, pan_blood_fountain, pan_blood_fountain_small,
          nicolae_pan_lom_lobonic_2, rand_demon_9, rand_demon_7,
          lemuel_hellion_island, cerebov, uniq_mennas_pan,
          evilmike_mini_pan_doors, nicolae_pan_double_arrow,
          pan_blood_fountain_small, lemuel_hall_of_pain,
          pan_blood_fountain_small, mnoleg_grunt_wretched_star,
          grunt_pan_spiral, pan_blood_fountain, pan_blood_fountain_small,
          evilmike_mini_pan_thingy, pan_blood_fountain,
          pan_blood_fountain_small, nicolae_pan_gloorx_vloqian_2,
          evilmike_mini_pan_possible_glass, nicolae_pan_mnolegish_3,
          evilmike_mini_pan_thingy, uniq_ignacio, nicolae_pan_mnolegish_5,
          evilmike_mini_pan_possible_glass, uniq_ignacio, pan_captured_pigsty,
          nicolae_pan_giant_door, nicolae_pan_mnolegish_4, grunt_pan_in_and_out,
          uniq_ignacio, gloorx_vloq_grunt, pan_disco_hall, evilmike_holy_pan,
          grunt_pan_frozen_over
IceCv:    ice_cave_small_giant
Volcano:  volcano_grotto

Action                   |  1- 3 |  4- 6 |  7- 9 | 10-12 | 13-15 | 16-18 | 19-21 | 22-24 | 25-27 || total
-------------------------+-------+-------+-------+-------+-------+-------+-------+-------+-------++-------
Melee: Unarmed           |   103 |   223 |   264 |   607 |   946 |  1561 |   867 |  1004 |  8413 || 13988
Throw: Javelin           |       |       |       |       |       |       |       |       |     8 ||     8
 Cast: Beastly Appendage |     9 |       |       |       |       |     1 |       |       |     1 ||    11
       Sticks to Snakes  |     1 |     2 |     7 |     9 |    22 |     1 |       |     1 |       ||    43
       Spider Form       |     1 |    23 |    36 |    49 |       |     1 |       |       |       ||   110
       Ice Form          |       |       |       |     6 |    10 |       |       |       |       ||    16
       Blade Hands       |       |       |       |     9 |    62 |    18 |       |    14 |     1 ||   104
       Statue Form       |       |       |       |       |     9 |    61 |    45 |    46 |   253 ||   414
       Stoneskin         |       |       |       |       |     1 |    13 |    21 |    23 |    72 ||   130
       Irradiate         |       |       |       |       |     1 |     3 |     3 |     5 |    39 ||    51
       Phase Shift       |       |       |       |       |       |     3 |    10 |     7 |    48 ||    68
       Regeneration      |       |       |       |       |       |     1 |    11 |    21 |   248 ||   281
       Tornado           |       |       |       |       |       |       |       |       |    17 ||    17
       Dragon Form       |       |       |       |       |       |       |       |       |    16 ||    16
Invok: Temporal Distorti |       |       |       |     1 |     1 |    27 |    16 |    13 |   143 ||   201
       Bend Time         |       |       |       |       |     1 |       |       |       |     2 ||     3
       Slouch            |       |       |       |       |     4 |    12 |     9 |     9 |    71 ||   105
       Step From Time    |       |       |       |       |       |       |       |       |     4 ||     4
 Abil: End Transformatio |       |       |     4 |     4 |     5 |     5 |       |     3 |    18 ||    39
Evoke: Wand              |       |       |       |     4 |       |    17 |       |     1 |    24 ||    46
       Rod               |       |       |       |       |       |       |       |       |    11 ||    11
       Lamp of fire      |       |       |       |       |       |       |       |       |     1 ||     1
  Use: Potion            |     1 |       |       |     3 |     6 |     3 |     6 |     2 |    35 ||    56
       Scroll            |       |     7 |     6 |     7 |    15 |     9 |     4 |    12 |    63 ||   123
 Stab: Distracted        |     2 |       |       |     3 |     2 |     6 |     2 |     4 |    72 ||    91
       Sleeping          |       |       |     3 |    10 |    11 |     9 |     4 |     6 |    60 ||   103
  Eat: Chunk             |     1 |    15 |    19 |    19 |    45 |    31 |    30 |    35 |    54 ||   249
       Royal jelly       |       |       |     1 |       |       |     5 |       |       |     3 ||     9
       Fruit             |       |       |       |       |       |     2 |     1 |       |    20 ||    23
       Meat ration       |       |       |       |       |       |     2 |       |       |    12 ||    14
       Pizza             |       |       |       |       |       |     2 |     1 |       |     8 ||    11
       Bread ration      |       |       |       |       |       |     1 |       |       |    16 ||    17
       Beef jerky        |       |       |       |       |       |       |       |       |    10 ||    10
